AoeStats
← Lord_Wilfredo

Hideout

507182864Analyzed
1v1 RM · 15d ago on Sep 17, 2026· 29m 27s· 2 players
Game mode
Random Map
Map size
Tiny (2 player)
Population
200
Speed
Normal
Resources
Standard
Victory
Conquest
Starting age
Dark Age
Ending age
Imperial Age
RankedLock teamsTeams togetherTeam positionsShared explorationLock speedFull tech treeHidden civsTurbo modeCheats
Victory
Defeat
🇦🇷 Aztecs · Argentina
1239
+15
🇺🇸 Ethiopians · United States
1208
-15
Brown Kimchi
10:54 Feudal Age
13:10 Double-Bit Axe
15:26 Castle Age
13:52 Gold Mining
14:08 Horse Collar
17:12 Bow Saw
18:30 Wheelbarrow
18:23 Loom
20:48 Town Watch
20:50 Loom
21:51 Stone Mining
24:03 Gold Shaft Mining
24:44 Hand Cart
24:34 Heavy Plow
27:28 Forging
27:19 Scale Mail Armor
30:20 Imperial Age
29:01 Iron Casting
29:15 Chain Mail Armor
29:04 Squires
28:50 Arson
29:53 Fletching
Lord_Wilfredo
10:58 Feudal Age
14:51 Castle Age
13:10 Double-Bit Axe
13:41 Horse Collar
16:47 Bow Saw
22:11 Loom
26:59 Imperial Age
24:37 Scale Mail Armor
25:21 Wheelbarrow
24:18 Eagle Warrior
25:01 Squires
24:47 Arson
25:03 Town Watch
25:30 Gold Mining
27:09 Chain Mail Armor
27:41 Hand Cart
27:40 Gambesons
28:11 Elite Eagle Warrior
29:22 Forging
Connection lost

Rejoining the realm…

Still unreachable

The connection could not be restored.

Session expired

The server has moved on; the page needs a fresh start.